Cogmind - Beta 15 @@@ ROGUE MODE // 2025.10.04 @ 13:25:33 Player: beans Result: Destroyed by G-34 Mercenary with Small Laser Performance ------------- Evolutions (1) 500 Regions Visited (3) 600 Robots Destroyed (24) 120 Value Destroyed (461) 461 Prototype IDs (1) 20 Alien Tech Used (0) 0 Bonus (-16) -16 TOTAL SCORE: 1685 Bonus ------- Friendly Fire -16 Cogmind --------- Core Integrity 0/400 Matter 247/300 Energy 100/100 System Corruption 0% Temperature Cool (6) Movement Core (50) Location -9/Materials Parts ------- > --- POWER (1) -------- (None) > --- PROPULSION (4) --- (None) > --- UTILITY (2) ------ (None) > --- WEAPON (2) ------- Light Assault Rifle > --- INVENTORY (5) ---- Bomb Drone Bay (14/16) Plasma Cutter Peak State ------------ > --- POWER ------------ Light Ion Engine > --- PROPULSION ------- Flight Unit Flight Unit > --- UTILITY ---------- Bomb Drone Bay > --- WEAPON ----------- Assault Rifle Light Assault Rifle > --- INVENTORY -------- (None) [Rating: 19] Favorites ----------- Power Light Ion Engine Engine Light Ion Engine Propulsion Flight Unit Leg Aluminum Leg Flight Unit Flight Unit Utility Bomb Drone Bay Device Bomb Drone Bay Protection Light Armor Plating Weapon Light Assault Rifle Ballistic Gun Light Assault Rifle Launcher Mini Grenade Launcher Impact Weapon Makeshift Hammer Build | -11 -10 -10 -9 ------- Run | Yrd Mat Min Mat Slots Evolved 2 | . . . 2 Power . | . . . . Propulsion 2 | . . . 2 Utility . | . . . . Weapon . | . . . . Parts Attached 17 | 5 2 1 9 Power 1 | 1 . . . Engine 1 | 1 . . . Core . | . . . . Reactor . | . . . . Propulsion 8 | 2 2 . 4 Treads . | . . . . Leg 2 | 2 . . . Wheel . | . . . . Hover . | . . . . Flight 6 | . 2 . 4 Utility 2 | . . 1 1 Device 1 | . . 1 . Storage . | . . . . Processor . | . . . . Hackware . | . . . . Protection 1 | . . . 1 Artifact . | . . . . Weapon 6 | 2 . . 4 Energy Gun . | . . . . Energy Cannon . | . . . . Ballistic Gun 4 | 2 . . 2 Ballistic Cannon . | . . . . Launcher 1 | . . . 1 Special Weapon . | . . . . Impact Weapon 1 | . . . 1 Slashing Weapon . | . . . . Piercing Weapon . | . . . . Special Melee Weapon . | . . . . Unidentified Prototypes 1 | . . 1 . Parts Lost 12 | . . . 12 Power 1 | . . . 1 Propulsion 6 | . . . 6 Utility 1 | . . . 1 Weapon 4 | . . . 4 Highest Loss Streak 7 | . . . 7 To Critical Strikes 1 | . . . 1 Average Backups 1 | . . 1 2 Power . | . . . . Propulsion . | . . . . Utility . | . . . 1 Weapon . | . . . . Tool/Special . | . . . . Unused Backups 1 | . . . 1 Power . | . . . . Propulsion . | . . . . Utility . | . . . . Weapon . | . . . . Tool/Special 1 | . . . 1 Average Slot Usage (%) 49 | . 71 71 36 Engine 7 | . 14 14 3 Leg 3 | . 23 . . Flight 15 | . 4 28 13 Ballistic Gun 19 | . 28 28 14 Impact Weapon 1 | . . . 1 Peak Build Rating 19 | 5 5 19 16 Average Rating 5 | 3 5 6 6 On Entrance 4 | . 5 5 7 Naked Turns . | . . . . Heaviest Build 10 | 6 6 6 10 Greatest Support 20 | 20 20 8 16 Greatest Overweight (x) 3 | . . . 3 Average Overweight (x) . | . . . . Largest Inventory Capacity 5 | 5 5 5 5 Average Capacity 5 | 5 5 5 5 Most Carried 5 | 3 2 5 5 Average Carried 2 | . . 2 3 Final Capacity 5 | 5 5 5 5 Final Carried 5 | . . 5 3 Class Distribution -------------------- 89% | Mutant 10% | Scavenger-Sprinter Dominant Class ---------------- Mutant | -10/Materials Mutant | -10/Mines Mutant | -9/Materials Resources | -11 -10 -10 -9 ----------- Run | Yrd Mat Min Mat Matter Collected 489 | 112 44 38 295 Remotely . | . . . . Salvage Created 449 | . 44 26 379 Parts 37 | . 5 2 30 Haulers Intercepted 1 | . . . 1 Recyclers Shooed 1 | . . . 1 Parts Field Recycled . | . . . . Retrieved Matter . | . . . . Parts Self-Destructed . | . . . . Prevented . | . . . . Kills | -11 -10 -10 -9 ------- Run | Yrd Mat Min Mat Combat Hostiles Destroyed 18 | . 2 2 14 Melee 4 | . . . 4 Guns 8 | . 2 2 4 AOE 6 | . . . 6 Classes Destroyed 10 | . 2 . 8 Worker 1 | . . . 1 Builder 1 | . . . 1 Tunneler 1 | . 1 . . Hauler 1 | . . . 1 Operator 1 | . . . 1 Watcher 1 | . . . 1 Swarmer 11 | . 2 2 7 Grunt 2 | . . . 2 Brawler 1 | . . . 1 Sentry 4 | . . . 4 Best Kill Streak 15 | . 3 2 15 Combat Bots Only 6 | . 2 2 6 Max Kills in Single Turn 3 | . 1 1 3 Gunslinging . | . . . . Exploded 3 | . . . 3 Melee 1 | . . . 1 Uniques/NPCs Destroyed . | . . . . Combat | -11 -10 -10 -9 -------- Run | Yrd Mat Min Mat Hostile Shots Fired 180 | . 24 16 140 Missed 69 | . 10 5 54 Hits 111 | . 14 11 86 Projectile 111 | . 14 11 86 AOE 1 | . . . 1 Critical Strikes 4 | . . . 4 Damage Taken 1383 | . 150 85 1148 Core 462 | . 16 40 406 Absorbed by Shields . | . . . . Regen/Repaired (Parts) 84 | . . . 84 Core Remaining (%) 88 | 100 . 77 . Volleys Fired 47 | . 6 5 36 Largest 2 | . 2 2 2 Hottest 40 | . 40 40 40 Shots Fired 76 | . 12 10 54 Gun 66 | . 12 10 44 Cannon . | . . . . Launcher 10 | . . . 10 Special . | . . . . Kinetic 66 | . 12 10 44 Thermal . | . . . . Explosive 10 | . . . 10 Electromagnetic . | . . . . Robot Hit Streak 4 | . 2 2 4 Robot Miss Streak 3 | . 2 3 3 Penetration Max . | . . . . Secondary Targets 1 | . . . 1 Max Gunslinging Chain 1 | . . . 1 Shots Hit Robots 48 | . 6 3 39 Core Hits 26 | . 3 2 21 Critical Kills 1 | . . . 1 Critical Parts Destroyed . | . . . . Critical Strikes 1 | . . . 1 Smash 1 | . . . 1 Melee Attacks 14 | . . . 14 Impact 14 | . . . 14 Slashing . | . . . . Piercing . | . . . . Sneak Attacks 2 | . . . 2 Combat Hostiles . | . . . . Follow-up Attacks . | . . . . Damage Inflicted 1659 | . 61 44 1554 Guns 331 | . 61 44 226 Cannons . | . . . . Explosions 714 | . . . 714 Melee 608 | . . . 608 Ramming 6 | . . . 6 Kinetic 331 | . 61 44 226 Thermal . | . . . . Explosive 714 | . . . 714 Electromagnetic . | . . . . Impact 608 | . . . 608 Slashing . | . . . . Piercing . | . . . . Highest Corruption 1 | . 1 1 . Average Corruption 1 | . 1 1 . Corruption Purged . | . . . . Corruption Blocked . | . . . . Effects 1 | . . 1 . Parts Fused 1 | . . 1 . Overload Shots . | . . . . Overflow Damage 155 | . . . 155 Projectiles . | . . . . Explosions 33 | . . . 33 Melee 122 | . . . 122 Knockbacks 1 | . . . 1 Impact 1 | . . . 1 Kinetic . | . . . . Secondary . | . . . . Self-Inflicted Damage 20 | . . . 20 Shots 1 | . . . 1 Rammed 1 | . . . 1 Targets Rammed 1 | . . . 1 Kicked . | . . . . Crushed . | . . . . Highest Temperature 28 | . . 8 28 Average Temperature 4 | . . 4 5 Received Heat Transfer 402 | . . . 402 Siege Activations . | . . . . Martial Activations . | . . . . Shielding Activations . | . . . . Robots Disrupted . | . . . . Combat Hostiles . | . . . . Robots Corrupted 2 | . . . 2 Combat Hostiles . | . . . . Parts Fried 2 | . . . 2 Impact Corruptions 5 | . . . 5 Robots Melted . | . . . . Combat Hostiles . | . . . . Parts Melted . | . . . . Heat Transferred . | . . . . Parts Sabotaged . | . . . . Parts Stolen . | . . . . Parts Stripped . | . . . . Power Chain Reactions . | . . . . Alert | -11 -10 -10 -9 ------- Run | Yrd Mat Min Mat Maximum Alert Level 1 | . . . 1 Low Security (%) 71 | 100 100 100 51 Level 1 28 | . . . 48 Level 2 . | . . . . Level 3 . | . . . . Level 4 . | . . . . Level 5 . | . . . . High Security . | . . . . Max Security . | . . . . Peak Influence 291 | . 40 40 291 Initial 11 | . . 11 3 Average 99 | . 19 17 156 Influence Increases 651 | . 70 40 541 Destroy 0b10 Robot/C 360 | . 40 40 280 Destroy 0b10 Robot/NC 30 | . 5 . 25 Destroy Leader 74 | . . . 74 Successful Hack 10 | . 10 . . Disable Machine 30 | . . . 30 Destroy Structure 42 | . . . 42 Lose Combat Pursuer 105 | . 15 . 90 Influence Decreases 400 | . 40 60 300 Entered New Map 26 | . . 19 7 Time Decay 254 | . 40 41 173 Lost Part 120 | . . . 120 Squads Dispatched 1 | . 1 . . Investigation . | . . . . Extermination . | . . . . Reinforcement 1 | . 1 . . Assault . | . . . . Garrison . | . . . . Intercept . | . . . . Searches Triggered . | . . . . Construction Impeded . | . . . . Haulers Reinforced . | . . . . Active Scanning Responses . | . . . . Cargo Convoy Interrupts . | . . . . Stealth | -11 -10 -10 -9 --------- Run | Yrd Mat Min Mat Distress Signals . | . . . . Communications Jammed . | . . . . Distress Signals . | . . . . Times Spotted 37 | . 4 5 28 Peak Tracking Total 6 | . 4 3 6 Tactical Retreats 3 | . 1 . 2 Traps | -11 -10 -10 -9 ------- Run | Yrd Mat Min Mat Traps Triggered 2 | . 2 . . Indirectly . | . . . . Trap Hack Attempts . | . . . . Triggered . | . . . . Disarmed . | . . . . Reprogrammed . | . . . . Reused . | . . . . Traps Extracted . | . . . . Installed . | . . . . Triggered . | . . . . Machines | -11 -10 -10 -9 ---------- Run | Yrd Mat Min Mat Machines Disabled 2 | . . . 2 Max in Single Turn 1 | . . . 1 Machines Repaired . | . . . . Machines Dismantled . | . . . . Machines Sabotaged . | . . . . Overloaded Fab Kills . | . . . . Hacking | -11 -10 -10 -9 --------- Run | Yrd Mat Min Mat Machines Accessed 3 | . 1 1 1 Terminals 1 | . 1 . . Fabricators . | . . . . Repair Stations 1 | . . . 1 Recycling Units . | . . . . Scanalyzers . | . . . . Garrison Access . | . . . . Total Hacks 9 | . 3 1 5 Successful 6 | . 3 1 2 Failed 3 | . . . 3 Catastrophic . | . . . . Database Lockouts . | . . . . Manual . | . . . . Terminals 3 | . 3 . . Fabricators . | . . . . Repair Stations 5 | . . . 5 Recycling Units . | . . . . Scanalyzers . | . . . . Garrison Access . | . . . . Terminal Hacks 4 | . 3 1 . Record 1 | . 1 . . Open Door 1 | . . 1 . Emergency Access Points 1 | . 1 . . Locate Traps 1 | . 1 . . Fabricator Hacks . | . . . . Repair Station Hacks 2 | . . . 2 Scan Component 1 | . . . 1 Repair 1 | . . . 1 Recycling Unit Hacks . | . . . . Scanalyzer . | . . . . Garrison Access Hacks . | . . . . Unauthorized Hacks . | . . . . Terminals . | . . . . Fabricators . | . . . . Repair Stations . | . . . . Recycling Units . | . . . . Scanalyzers . | . . . . Garrison Access . | . . . . Data Cores Recovered 1 | . . . 1 Used . | . . . . Hacking Detections 1 | . . . 1 Full Trace Events 1 | . . . 1 Feedback Events . | . . . . Feedback Blocked . | . . . . Robot Schematics Acquired . | . . . . Robots Built . | . . . . Authchips . | . . . . Time . | . . . . Total Robot Build Rating . | . . . . Part Schematics Acquired . | . . . . Parts Built . | . . . . Authchips . | . . . . Time . | . . . . Total Part Build Rating . | . . . . Parts Repaired 1 | . . . 1 Time 44 | . . . 44 Parts Recycled . | . . . . Recycled Matter . | . . . . Retrieved Matter . | . . . . Retrieved Components . | . . . . Parts Scanalyzed . | . . . . Part Schematics Acquired . | . . . . Parts Damaged . | . . . . Bothacking | -11 -10 -10 -9 ------------ Run | Yrd Mat Min Mat Used RIF Installer . | . . . . Robots Hacked . | . . . . Non-combat . | . . . . Combat . | . . . . Robot Hacks Applied . | . . . . Relay Couplers Released . | . . . . Fabnet Peak Effective % . | . . . . Robots Rewired . | . . . . Allies Hacked . | . . . . Hacks Repelled . | . . . . Allies | -11 -10 -10 -9 -------- Run | Yrd Mat Min Mat Total Allies . | . . . . Largest Group . | . . . . Highest-Rated Group . | . . . . Highest-Rated Ally . | . . . . Total Orders 2 | . . . 2 RETURN 2 | . . . 2 Ally Attacks 2 | . . . 2 Total Damage . | . . . . Kills . | . . . . Allies Corrupted . | . . . . Allies Melted . | . . . . Intel | -11 -10 -10 -9 ------- Run | Yrd Mat Min Mat Active Infowar (turns) . | . . . . Robot Analysis Total . | . . . . Derelict Logs Recovered 1 | . . 1 . Drone Launches 4 | . . . 4 Drone Recoveries 2 | . . . 2 Exploration | -11 -10 -10 -9 ------------- Run | Yrd Mat Min Mat Turns Passed 625 | 45 90 115 375 Spaces Moved 727 | 43 75 251 358 Core 209 | 23 . . 186 Treads . | . . . . Legs 65 | 20 45 . . Wheels . | . . . . Hover . | . . . . Flight 453 | . 30 251 172 Fastest Speed 31 | 50 37 37 31 Average Speed 49 | 82 86 37 46 Slowest Speed 200 | 120 120 37 200 Overloaded Moves . | . . . . Propulsion Burnouts . | . . . . Robots Hopped 9 | . . 3 6 Potential Cave-ins . | . . . . Cave-ins Triggered . | . . . . Exploration Rate (%) 36 | 3 14 80 48 Regions Visited 3 Branch Regions 1 Pre-discovered Areas . | . . . . Known Exits Taken . | . . . . Unknown Exits Taken 3 | 1 1 1 . Scrap Searched . | . . . . Spaces Dug . | . . . . Terrain Destroyed 61 | . . . 61 Melee . | . . . . Projectile . | . . . . AOE 61 | . . . 61 Terrain Rammed . | . . . . Walls Destroyed . | . . . . Machines Disabled . | . . . . Actions | -11 -10 -10 -9 --------- Run | Yrd Mat Min Mat Total 900 | 52 87 260 501 Wait 81 | . . 2 79 Move 706 | 42 74 244 346 Hop 9 | . . 3 6 Pick Up 18 | 5 2 4 7 Fast Attach . | . . . . Attach 16 | 5 . 1 10 Detach 3 | . . 1 2 Swap 3 | . 3 . . Drop 2 | . 2 . . Fire 47 | . 6 5 36 Melee 14 | . . . 14 Ram 1 | . . . 1 Kick . | . . . . Crush . | . . . . Escape Stasis . | . . . . Rewire . | . . . . Trap . | . . . . Miscellaneous . | . . . . Route ------- -11/Scrapyard -10/Materials -10/Mines -9/Materials (discovered 2 exits: *Mat x2) History --------- Turn | Location | Event 4 | -11/Scrapyard | Discovered new exit (range 16) 46 | -11/Scrapyard | Entered Materials 131 | -10/Materials | Discovered new exit (range 12) 136 | -10/Materials | Entered Mines 143 | -10/Mines | Met a Derelict bent on vengeance 169 | -10/Mines | Found the Drone Emporium 170 | -10/Mines | Found Prototype Device 188 | -10/Mines | Identified Bomb Drone Bay 227 | -10/Mines | A weapon hastily lodged in a ceiling crevice suddenly fell to the ground 229 | -10/Mines | Learned location of 1 exit from Materials 246 | -10/Mines | Discovered new exit (range 13) 251 | -10/Mines | Entered Materials 251 | -9/Materials | Evolved 2 slots: Propulsion x2 252 | -9/Materials | Identified exit to Materials 381 | -9/Materials | Core integrity fell below 50% 395 | -9/Materials | Lost 7 parts (1p4n2w) 470 | -9/Materials | Discovered exit to Materials (range 12) 502 | -9/Materials | Core integrity fell below 20% 527 | -9/Materials | Lost 3 parts (1n1u1w) 620 | -9/Materials | Build established: Mutant 625 | -9/Materials | Repaired Mak. Hammer 626 | -9/Materials | Destroyed by G-34 Mercenary with Small Laser Last Messages --------------- Bomb Drone retrieved by Bomb Drone Bay (no repairs). The unstable cave ceiling collapses. Connecting with Repair Station... Current location identified: Materials Connecting with Repair Station... >>Scan(Mak. Hammer) Scanning Mak. Hammer... Ready to Repair: Mak. Hammer Rating: 4 Time: 44 >>Repair Repairing Mak. Hammer... ETC: 44 O-16 Technician: "IFF HANDSHAKE FAILED. SECURING TERMINAL." U-05 Engineer builds a Wall. Lgt. Assault Rifle destroyed. Repair station completes Mak. Hammer repairs. Map ----- +----------------------------------------------------+ | | | | | | | | | | | ?????????????????????????????????????????????????? | | ???????????????????????????????######????????????? | | ??????????????????????????????? #????????????? | | ???????????????????????????????" ##???????????? | | ##############??????########??"" ""#??????????? | | #??????# #?""" !==T"???????????? | | < #??????# # !=="????????????? | | #??????# """ # """ !==#????????????? | | ##+####### #??????# """ # """ ###??##??????? | | #???# #??????# """ #?""" + ? ??????? | | [ #???# #??????# #?? # #??????? | | #???# ##########/####### ## # #??????? | | #???# ######### | | #???# | | %#???# % ######## | | ######???##############+####### #?????? | | ????????????????????#[ #?# #??????? | | ????????????????????# """ #?# #??????? | | ????????????????????# /R" #?# #??????? | | ????????????????????# """g#?# ##??????? | | ????????????????????# g @ #?# ##??????? | | ????????????????????# g !#?# #???????? | | ????????????????????########?## #???????? | | ??????????????????????????????# #???????? | | ??????????????????????????????# """ #???????? | | ??????????????????????????????# """ #???????? | | ??????????????????????????????# """ #???????? | | ??????????????????????????????# ? #???????? | | ??????????????????????????????# ??? #???????? | | ??????????????????????????????? ??? ????????? | | ?????????????????????????????????????? ??????????? | | ?????????????????????????????????????????????????? | | ?????????????????????????????????????????????????? | | ???????????????????????????? ??????????????????? | | ???????????????????????????? ?????????????????? | | ???????????????????????????# ????????????????? | | ???????????????????????????? ??####?????????? | | ????????????????????????????? ??? ??????#### | | ??????????????????????????????? ?? ?????## | | ????????????????????????????????# ?? ?????# # | | ????????????????????????????????# ###+######## | | ????????????????????????????????# | | ????????????????????????????????# | | ????????????????????????????????+ | | ????????????????????????????????# | +----------------------------------------------------+ Best States ------------- Heat Dissipation 28 Energy Generation 10 Energy Capacity 125 Matter Stores 300 Matter Capacity 300 Sight Range 16 Terrain Scan Density 10 Armor Coverage 150 Evasion (%) 63 Item Schematics ----------------- None Robot Schematics ------------------ None Fabricated ------------ Nothing Repaired ---------- Mak. Hammer | 40% | -9/Materials Alien Tech Used ----------------- None Achievements -------------- None Challenges ------------ None Game ------ Seed SurveybotBraceClaymores Manual? 0 Play Time 00:08:48 Cumulative 172.7 hours Start 2025.10.04 @ 13:17:45 End 2025.10.04 @ 13:25:33 Sessions 1 Manual Loads 0 Difficulty Rogue Special Mode None Game No. 534 Rogue 533 Adventurer 1 Explorer 0 Win Type - Total 0 Types 0/0/0/0/0/0/0/0/0/0 Lore% 61 Gallery% 57 Achievement% 44 Wizard Run 0 Options --------- Layout 1 ASCII 0 Keyboard 0 Movement Mouse Keybinds 0 Fullscreen 1 Font 24/Smallcaps Map View 50x35 Zoom Use 0% Tactical HUD 0 Map Filters NONE Filters NONE Steam 1 RUN: bd71d04d-dfbb-49b7-aca9-f83366683958